 Dungeon Crawl Stone Soup version 0.22-a0-782-g038298e (webtiles) character file.

10755 Hebeh the Thaumaturge (level 11, 0/57 HPs)
             Began as a Deep Elf Conjurer on July 20, 2018.
             Was a Believer of Vehumet.
             Slain by a two-headed ogre
             ... wielding a +0 giant spiked club
              (19 damage)
             ... on level 10 of the Dungeon.
             The game lasted 01:08:37 (14082 turns).

Hebeh the Thaumaturge (Deep Elf Conjurer)          Turns: 14082, Time: 01:08:37

Health: 0/57       AC:  5    Str:  5    XL:     11   Next: 40%
Magic:  2/38       EV: 18    Int: 24    God:    Vehumet [**....]
Gold:   499        SH:  5    Dex: 15    Spells: 16/34 levels left

rFire    . . .     SeeInvis .   a - +5 dagger (holy)
rCold    + . .     Gourm    .   D - +0 buckler
rNeg     . . .     Faith    .   A - +2 robe {Archmagi}
rPois    +         Spirit   .   (no helmet)
rElec    .         Reflect  .   B - +0 cloak
rCorr    .         Harm     .   (no gloves)
MR       +....                  (no boots)
Stlth    ++........             p - amulet of magic regeneration
HPRegen  0.19/turn              g - ring of the Morning {rPois rC+ MP+9}
MPRegen  0.51/turn              z - +4 ring of evasion

@: no status effects
A: no striking features
a: Renounce Religion


You were on level 10 of the Dungeon.
You worshipped Vehumet.
Vehumet was pleased with you.
You were not hungry.

You visited 3 branches of the dungeon, and saw 12 of its levels.

You collected 499 gold pieces.

Inventory:

Hand Weapons
 a - a +5 dagger of holy wrath (weapon)
 F - a +2 flail of holy wrath
Missiles
 i - 124 arrows
 y - 2 poisoned javelins (quivered)
Armour
 A - a +2 robe of the Archmagi (worn)
 B - a +0 cloak (worn)
 D - a +0 buckler (worn)
 S - a +1 robe of fire resistance
Magical Staves
 b - an uncursed staff of energy
Jewellery
 d - the ring "Lyhuaj" {-Tele +Fly rPois Str+2}
   (You found it on level 7 of the Dungeon)

   [ring of flight]

   It affects your strength (+2).
   It protects you from poison.
   It lets you fly.
   It prevents most forms of teleportation.
 g - the ring of the Morning (left hand) {rPois rC+ MP+9}
   (You took it off a centaur on level 7 of the Dungeon)

   [ring of magical power]

   It protects you from cold.
   It protects you from poison.
   It affects your magic capacity (+9).
 h - the amulet "Qoagalyg" {Regen+ Dex+2}
   (You found it on level 7 of the Dungeon)

   [amulet of regeneration]

   It affects your dexterity (+2).
   It increases your rate of regeneration.
 p - an amulet of magic regeneration (around neck)
 z - a +4 ring of evasion (right hand)
 I - an uncursed ring of resist corrosion
Wands
 f - a wand of random effects (22)
 v - a wand of disintegration (31)
 H - a wand of flame (43)
 K - a wand of iceblast (11)
 L - a wand of clouds (7)
 O - a wand of polymorph (46)
Scrolls
 k - 4 scrolls of remove curse
 m - 5 scrolls of magic mapping
 n - 6 scrolls of teleportation
 u - 3 scrolls of identify
 w - a scroll of enchant weapon
 C - a scroll of amnesia
 E - a scroll of immolation {unknown}
 P - a scroll of brand weapon {unknown}
Potions
 e - a potion of flight {unknown}
 j - 5 potions of heal wounds
 l - 9 potions of curing
 o - a potion of agility {unknown}
 q - 2 potions of might
 r - a potion of cancellation {unknown}
 t - a potion of haste {unknown}
 x - a potion of lignification {unknown}
 G - a potion of ambrosia {unknown}
 J - a potion of mutation {unknown}
 M - 3 potions of magic
 N - a potion of degeneration {unknown}
 R - a potion of berserk rage {unknown}
Comestibles
 c - 21 rations
 s - 3 chunks of flesh


   Skills:
 - Level 1.7 Fighting
 - Level 3.8 Dodging
 - Level 2.4 Stealth
 - Level 4.0 Shields
 - Level 12.2 Spellcasting
 - Level 11.1 Conjurations
 + Level 9.5 Hexes
 + Level 5.3 Charms
 + Level 7.5 Translocations


You had 16 spell levels left.
You knew the following spells:

 Your Spells              Type           Power        Failure   Level  Hunger
a - Magic Dart            Conj           ####         1%          1    None
b - Iskenderun's Mystic   Conj           #######.     1%          4    None
c - Searing Ray           Conj           ######       1%          2    None
d - Force Lance           Conj/Tloc      ######..     1%          4    None
e - Swiftness             Chrm/Air       #####...     2%          2    None
f - Passwall              Tmut/Erth      ###.....     6%          2    None
k - Confuse               Hex            ######..     1%          3    None

Your spell library contained the following spells:

 Spells                   Type           Power        Failure   Level  Hunger
 Invisibility             Hex            ######..     13%         6    #####..
 Throw Frost              Conj/Ice       ######       1%          2    None
 Freeze                   Ice            ###.         4%          1    None
 Summon Ice Beast         Ice/Summ       ###.....     38%         4    None
 Ozocubu's Armour         Chrm/Ice       #####...     4%          3    None
 Tukima's Dance           Hex            ######..     1%          3    None
 Throw Icicle             Conj/Ice       ######..     4%          4    None
 Ensorcelled Hibernation  Hex/Ice        ######       1%          2    None
 Corona                   Hex            ######.      1%          1    None
 Lee's Rapid Deconstruct  Erth           ###.......   75%         5    ###....
 Passage of Golubria      Tloc           N/A          1%          4    None
 Darkness                 Hex            ######....   13%         6    #####..
 Fulminant Prism          Conj/Hex       #######...   1%          4    None
 Dazzling Spray           Conj/Hex       ######       1%          3    None


Dungeon Overview and Level Annotations

Branches:
Dungeon (10/15)            Temple (1/1) D:6             Orc (1/2) D:9
   Lair: D:8-11

Altars:
Ashenzari
Cheibriados
Dithmenos
Elyvilon
Fedhas
Gozag
Hepliaklqana
Kikubaaqudgha
Makhleb
Nemelex Xobeh
Okawaru
Qazlal
Ru
Sif Muna
Trog
Uskayaw
Vehumet
Wu Jian
Xom
Yredelemnul
Zin
The Shining One

Shops:
D:4 [   D:6 (

Annotations:
D:10 1 runed door


Message History

Aiming: Magic Dart (safe; 1% risk of failure)
Press: ? - help, Shift-Dir - straight line, f/p - two-headed ogre
Aim: a two-headed ogre, wielding a giant spiked club and a giant club (almost dead)
You feel a surge of power!
The magic dart hits the two-headed ogre.
The two-headed ogre is almost dead.
An orc comes into view.
The two-headed ogre misses you.
The two-headed ogre hits you with a giant club.
Casting: Magic Dart (safe; 1% risk of failure)
Confirm with . or Enter, or press ? or * to list all spells.
Aiming: Magic Dart (safe; 1% risk of failure)
Press: ? - help, Shift-Dir - straight line, f/p - two-headed ogre
Aim: a two-headed ogre, wielding a giant spiked club and a giant club (almost dead)
You feel a surge of power!
The magic dart hits the two-headed ogre.
The two-headed ogre is almost dead.
The two-headed ogre hits you with a giant spiked club!!
The two-headed ogre hits you with a giant club!!
You die...

#.. #.# ### #. #.#
#.' . #.# #.' '
#.# #o# #. #.# #†#
#.###.# #O#
#...... #@#
######.... #.#
#.####..## #.#
#.##......
#.#######.#..#####
#.........#.##
########.#..#
#..)## #..## #..#


You could see a two-headed ogre and an orc.

Vanquished Creatures
  Erolcha (D:10)
  A hydra (D:7)
  3 two-headed ogres
  2 ugly things (D:7)
  Psyche (D:10)
  2 trolls (D:7)
  3 hippogriffs
  Sigmund (D:3)
  A wraith (D:10)
  4 yaks (D:9)
  A basilisk (D:7)
  A steam dragon (D:9)
  Menkaure (D:4)
  A hungry ghost (D:7)
  The ghost of Hebeh the Conjurer, an amateur DECj of Vehumet (D:3)
  An orc warrior (D:10)
  A black bear (D:6)
  2 ice beasts
  A sky beast (D:9)
  2 phantoms
  7 ogres
  2 centaurs
  A big kobold (D:9)
  7 bullfrogs
  3 scorpions
  5 wights (D:10)
  3 howler monkeys
  4 crimson imps
  2 jellies
  A quasit (D:10)
  Crazy Yiuf (D:3)
  8 hounds
  3 orc priests
  9 orc wizards
  3 iguanas
  Ijyb (D:3)
  Natasha (thrice) (D:2)
  13 worker ants
  A hound skeleton (D:4)
  A howler monkey zombie (D:5)
  4 gnolls (D:3)
  12 adders
  4 shadow imps
  An ooze (D:3)
  An adder skeleton (D:4)
  2 worms
  A dart slug (D:2)
  8 leopard geckos
  27 orcs
  8 bats
  2 giant cockroaches
  7 goblins
  9 hobgoblins
  10 jackals
  8 kobolds
  2 quokkas
  A ball python (D:1)
  6 frilled lizards
  A jackal skeleton (D:4)
  A leopard gecko skeleton (D:4)
  A leopard gecko zombie (D:7)
  9 rats
234 creatures vanquished.

Notes
Turn   | Place    | Note
-------+----------+-------------------------------------------
     0 | D:1      | Hebeh the Deep Elf Conjurer began the quest for the Orb.
     0 | D:1      | Reached XP level 1. HP: 10/10 MP: 6/6
   341 | D:1      | Reached XP level 2. HP: 15/15 MP: 2/8
  1044 | D:2      | Reached skill level 4 in Spellcasting
  1044 | D:2      | Reached skill level 5 in Conjurations
  1044 | D:2      | Reached XP level 3. HP: 9/19 MP: 5/10
  1217 | D:2      | Learned a level 2 spell: Searing Ray
  1590 | D:2      | Noticed Natasha
  1596 | D:2      | Killed Natasha
  1596 | D:2      | Reached XP level 4. HP: 24/24 MP: 4/12
  1760 | D:2      | Learned a level 4 spell: Iskenderun's Mystic Blast
  1765 | D:2      | Learned a level 4 spell: Force Lance
  1892 | D:2      | Reached skill level 5 in Spellcasting
  2680 | D:2      | Noticed Natasha
  2685 | D:2      | Killed Natasha
  2955 | D:2      | Noticed Natasha
  2958 | D:2      | Killed Natasha
  2958 | D:2      | Reached XP level 5. HP: 28/28 MP: 11/15
  3541 | D:3      | Noticed Ijyb
  3545 | D:3      | Killed Ijyb
  3545 | D:3      | Reached skill level 6 in Spellcasting
  3545 | D:3      | Noticed Sigmund
  3735 | D:3      | Killed Sigmund
  3735 | D:3      | Reached XP level 6. HP: 24/32 MP: 4/17
  3954 | D:3      | Reached skill level 7 in Spellcasting
  4336 | D:3      | Found a runed door.
  4489 | D:3      | Found a runed door.
  4840 | D:3      | Noticed Hebeh's ghost (amateur DECj)
  4852 | D:3      | Reached XP level 7. HP: 28/36 MP: 16/20
  4856 | D:3      | Killed Hebeh's ghost
  4946 | D:3      | Noticed Crazy Yiuf
  4947 | D:3      | Killed Crazy Yiuf
  4947 | D:3      | Reached skill level 8 in Spellcasting
  5871 | D:4      | Found a glowing silver altar of Zin.
  5881 | D:4      | Noticed Menkaure
  5885 | D:4      | Killed Menkaure
  5885 | D:4      | Reached skill level 9 in Spellcasting
  5885 | D:4      | Reached XP level 8. HP: 41/41 MP: 14/23
  6041 | D:4      | Found Ovohungamm's Antique Armour Emporium.
  6770 | D:5      | Entered Level 5 of the Dungeon
  6902 | D:5      | Reached skill level 10 in Spellcasting
  7153 | D:5      | Found a white marble altar of Elyvilon.
  7429 | D:5      | Found a sacrificial altar of Ru.
  7981 | D:6      | Found Facade Zigas's Weapon Boutique.
  8327 | D:6      | Found a staircase to the Ecumenical Temple.
  8441 | Temple   | Entered the Ecumenical Temple
  8527 | Temple   | Became a worshipper of Vehumet
  8684 | D:6      | Reached skill level 10 in Conjurations
  8731 | D:6      | Reached skill level 11 in Spellcasting
  8733 | D:6      | Reached XP level 9. HP: 41/45 MP: 19/26
  8885 | D:6      | Found a blossoming altar of Fedhas.
  8892 | D:6      | Found a snail-covered altar of Cheibriados.
  9138 | D:7      | Found a deep blue altar of Sif Muna.
  9598 | D:7      | Learned a level 2 spell: Swiftness
  9601 | D:7      | Learned a level 2 spell: Passwall
  9820 | D:7      | Reached skill level 1 in Translocations
  9886 | D:7      | Reached skill level 1 in Shields
  9919 | D:7      | Noticed a troll
  9943 | D:7      | Killed a troll
 10072 | D:7      | Got a faintly glowing granite ring
 10111 | D:7      | Reached skill level 5 in Translocations
 10297 | D:7      | Got a wavering pewter amulet
 10300 | D:7      | Got a vibrating glass ring
 10305 | D:7      | Noticed a white ugly thing
 10306 | D:7      | Noticed a brown ugly thing
 10310 | D:7      | Killed a cyan ugly thing
 10313 | D:7      | Killed a brown ugly thing
 10313 | D:7      | Reached XP level 10. HP: 26/50 MP: 0/27
 10463 | D:7      | Got a twitching pewter ring
 10565 | D:7      | Learned a level 3 spell: Confuse
 10608 | D:7      | Found a deep blue altar of Sif Muna.
 10873 | D:7      | Noticed a five-headed hydra
 10877 | D:7      | Killed a five-headed hydra
 10877 | D:7      | Reached skill level 1 in Fighting
 11244 | D:7      | Identified the amulet "Qoagalyg" {Regen+ Dex+2} (You found it on level 7 of the Dungeon)
 11246 | D:7      | Identified the ring "Lyhuaj" {-Tele +Fly rPois Str+2} (You found it on level 7 of the Dungeon)
 11348 | D:7      | Identified the ring of the Morning {rPois rC+ MP+9} (You took it off a centaur on level 7 of the Dungeon)
 11368 | D:7      | Identified the ring of Wuddo {rPois Str+6 Dex-5 Stlth+} (You found it on level 7 of the Dungeon)
 11432 | D:8      | Noticed a two-headed ogre
 11436 | D:8      | Killed a two-headed ogre
 11465 | D:8      | Reached skill level 5 in Hexes
 11494 | D:8      | Reached * piety under Vehumet
 11494 | D:8      | Offered knowledge of Shock by Vehumet.
 12439 | D:9      | Found an ornate altar of the Wu Jian Council.
 12449 | D:9      | Found a glowing golden altar of the Shining One.
 12453 | D:9      | Found a basalt altar of Yredelemnul.
 12663 | D:9      | Reached skill level 12 in Spellcasting
 12881 | D:9      | Found a staircase to the Orcish Mines.
 12948 | D:9      | Offered knowledge of Flame Tongue by Vehumet.
 13388 | Orc:1    | Entered Level 1 of the Orcish Mines
 13426 | D:10     | Entered Level 10 of the Dungeon
 13426 | D:10     | Found a bloodstained altar of Trog.
 13426 | D:10     | Noticed Erolcha
 13430 | D:10     | Killed Erolcha
 13430 | D:10     | Reached XP level 11. HP: 47/57 MP: 22/29
 13465 | D:10     | Reached ** piety under Vehumet
 13698 | D:10     | Found a runed door.
 13704 | D:10     | Noticed Psyche
 13706 | D:10     | Killed Psyche
 13851 | D:10     | Noticed a two-headed ogre
 13856 | D:10     | Killed a two-headed ogre
 14065 | D:10     | Noticed a two-headed ogre
 14069 | D:10     | Killed a two-headed ogre
 14069 | D:10     | Reached skill level 5 in Charms
 14073 | D:10     | Noticed a two-headed ogre
 14082 | D:10     | Slain by a two-headed ogre

Vault maps used:
D:1:      elethiomel_arrival_quiet
D:2:      uniq_natasha
D:3:      ebering_ghost_sewer_d, uniq_ijyb, uniq_sigmund,
          uniq_crazy_yiuf_cottage
D:4:      kennysheep_mini_moat, first_ration, serial_shops, shop_fountains,
          grunt_tough_drop, uniq_menkaure
D:5:      elyvilon_altar_5, nicolae_ru_the_path_less_chosen,
          nicolae_ossuary_entry_plus
D:6:      amethyst_overflow_temple_binary, minmay_temple_entry_crystal_x,
          serial_shops, shop_fountains
D:7:      minmay_the_grid_triangle_9x9_rhombus_thin, basic_altar
D:9:      minmay_klotski, gammafunk_temple_overflow_forgotten,
          blue_anna_alchemist
D:10:     basic_altar, minmay_st_funbox, kennysheep_generic_room_5, uniq_psyche,
          uniq_erolcha
Temple:   minmay_temple_curvy_branch

Skill      XL: |  1  2  3  4  5  6  7  8  9 10 11 |
---------------+----------------------------------+-----
Spellcasting   | 4 5 6 7 9 11 12 | 12.2
Conjurations   | 5 6 7 8 10 11 | 11.1
Translocations | 6 7 |  7.5
Shields        | 4 |  4.0
Fighting       | 1 |  1.7
Dodging        | 3 |  3.8
Hexes          | 8 9 |  9.5
Charms         | 2 5 |  5.3
Stealth        | |  2.4

Action                   |  1- 3 |  4- 6 |  7- 9 | 10-12 || total
-------------------------+-------+-------+-------+-------++-------
Throw: Javelin           |       |     2 |       |       ||     2
 Cast: Magic Dart        |    60 |   112 |   157 |   104 ||   433
       Searing Ray       |     1 |     1 |    15 |     4 ||    21
       Iskenderun's Myst |       |     4 |    43 |   110 ||   157
       Force Lance       |       |       |     3 |       ||     3
       Confuse           |       |       |       |     2 ||     2
  Use: Scroll            |       |       |    12 |     7 ||    19
  Eat: Chunk             |     2 |    10 |    14 |    11 ||    37
       Ration            |       |       |     1 |       ||     1
Armor: Robe              |       |     1 |     8 |     4 ||    13
Dodge: Dodged            |     9 |    12 |    37 |    16 ||    74
Block: Buckler           |       |       |       |     4 ||     4

Table legend:
 A = Spawn XP
 B = Non-spawn XP
 C = Spawn XP percentage of total XP
 D = Spawn monster count
 E = Non-spawn monster count
 F = Spawn count percentage of total count
 G = Total turns spent on level
                    A         B        C        D         E        F      G
               +---------+---------+-------+---------+---------+-------+---------
         Total |       0 |   15365 |   0.0 |       0 |     234 |   0.0 | 14082
               +---------+---------+-------+---------+---------+-------+---------
           D:1 |       0 |      31 |   0.0 |       0 |      19 |   0.0 |  1041
           D:2 |       0 |     184 |   0.0 |       0 |      25 |   0.0 |  2259
           D:3 |       0 |     733 |   0.0 |       0 |      39 |   0.0 |  1823
           D:4 |       0 |     999 |   0.0 |       0 |      34 |   0.0 |  1647
           D:5 |       0 |     401 |   0.0 |       0 |      13 |   0.0 |  1151
           D:6 |       0 |     457 |   0.0 |       0 |      10 |   0.0 |   796
           D:7 |       0 |    4261 |   0.0 |       0 |      22 |   0.0 |  2464
           D:8 |       0 |    1597 |   0.0 |       0 |      19 |   0.0 |   955
           D:9 |       0 |    1980 |   0.0 |       0 |      25 |   0.0 |  1055
          D:10 |       0 |    4722 |   0.0 |       0 |      28 |   0.0 |   656
               +---------+---------+-------+---------+---------+-------+---------
